 Dungeon Crawl Stone Soup version 0.21.0-25-ge575cb9 (webtiles) character file.

138105 Mgcat the Severer (level 16, 0/157 HPs)
             Began as a Minotaur Berserker on Jan 24, 2018.
             Was a High Priest of Trog.
             Slain by an entropy weaver (10 damage)
             ... on level 2 of the Lair of Beasts.
             The game lasted 01:38:06 (33386 turns).

Mgcat the Severer (Minotaur Berserker)             Turns: 33386, Time: 01:38:07

Health: 0/157      AC: 14    Str: 29    XL:     16   Next: 70%
Magic:  19/19      EV: 14    Int:  7    God:    Trog [*****.]
Gold:   420        SH:  0    Dex: 13    Spells: 15/15 levels left

rFire    + . .     SeeInvis +   C - +10 battleaxe of the Revolution {chop, rElec rPois rN+}
rCold    . . .     Gourm    +   (shield currently unavailable)
rNeg     + + +     Faith    .   Q - +0 shadow dragon scales
rPois    +         Spirit   .   l - +1 hat
rElec    +         Reflect  .   q - scarf {repulsion}
rCorr    .         Harm     .   J - +0 pair of gloves of Claustrophobia {rPois Str+3 Stlth+}
MR       +....                  p - +0 pair of boots
Stlth    +++.......             a - amulet of the gourmand
HPRegen  0.36/turn              H - ring of Xom's Ringing Laughter {*Contam +Blink rN+ Str+3 SInv}
MPRegen  0.16/turn              K - ring of the Ego {rPois rF+ rN+ Slay+2}

@: lethally poisoned (0 -> -1), about to teleport, corroded, berserk cooldown,
slowed, repel missiles, very slow
A: retaliatory headbutt, horns 2, subdued magic 1
a: Berserk, Trog's Hand, Brothers in Arms, Burn Spellbooks, Renounce Religion,
Evoke Blink


You were on level 2 of the Lair of Beasts.
You worshipped Trog.
Trog was extremely pleased with you.
You were full.

You visited 5 branches of the dungeon, and saw 26 of its levels.
You visited 1 bazaar.
You also visited: Labyrinth.

You collected 2383 gold pieces.
You spent 1963 gold pieces at shops.

Inventory:

Hand Weapons
 v - a +3 flail of holy wrath
 x - a +5 antimagic executioner's axe
 C - the +10 battleaxe of the Revolution (weapon) {chop, rElec rPois rN+}
   (Trog gifted it to you on level 2 of the Shoals)

   It inflicts extra damage upon your enemies.
   It insulates you from electricity.
   It protects you from poison.
   It protects you from negative energy.
Armour
 l - a +1 hat (worn)
 p - a +0 pair of boots (worn)
 q - a scarf of repulsion (worn)
 J - the +0 pair of gloves of Claustrophobia (worn) {rPois Str+3 Stlth+}
   (You bought it in a shop on level 2 of the Orcish Mines)

   It affects your strength (+3).
   It protects you from poison.
   It makes you more stealthy.
 Q - +0 shadow dragon scales (worn)
Jewellery
 a - an amulet of the gourmand (around neck)
 h - an uncursed ring of protection from cold
 n - the ring of Henotheism {rElec rPois Str+2 Int-2 SInv}
   (You bought it in a shop on level 8 of the Dungeon)

   [ring of see invisible]

   It affects your strength (+2).
   It affects your intelligence (-2).
   It insulates you from electricity.
   It protects you from poison.
   It lets you see invisible.
 r - an uncursed ring of flight
 H - the ring of Xom's Ringing Laughter (left hand) {*Contam +Blink rN+ Str+3 SInv}
   (You found it on level 14 of the Dungeon)

   [ring of see invisible]

   It affects your strength (+3).
   It protects you from negative energy.
   It lets you see invisible.
   It lets you blink.
   It causes magical contamination when unequipped.
 K - the ring of the Ego (right hand) {rPois rF+ rN+ Slay+2}
   (You bought it in a shop on level 2 of the Orcish Mines)

   [ring of slaying]

   It affects your accuracy and damage with ranged weapons and melee attacks
   (+2).
   It protects you from fire.
   It protects you from poison.
   It protects you from negative energy.
Wands
 f - a wand of acid (19)
 t - a wand of scattershot (3)
 y - a wand of iceblast (48)
 M - a wand of flame (47)
Scrolls
 j - 14 scrolls of teleportation
 k - 3 scrolls of enchant armour
 m - 4 scrolls of fear
 o - 9 scrolls of fog
 s - 9 scrolls of remove curse
 z - a scroll of magic mapping
 D - a scroll of enchant weapon
 G - 3 scrolls of identify
 T - a scroll of summoning
 Y - a scroll of holy word
Potions
 b - a potion of magic {unknown}
 d - 3 potions of mutation
 e - 4 potions of brilliance
 g - 7 potions of might
 i - 2 potions of agility {unknown}
 u - 6 potions of curing
 w - 3 potions of resistance
 A - 2 potions of flight {unknown}
 B - 6 potions of haste
 F - 2 potions of ambrosia
 U - a potion of invisibility
Books
 I - a book of Burglary

   Spells                             Type                      Level
   a - Swiftness                      Charms/Air                   2
   b - Passwall                       Transmutation/Earth          2
   c - Passage of Golubria            Translocation                4
   d - Lee's Rapid Deconstruction     Earth                        5
   e - Darkness                       Hexes                        6
   f - Invisibility                   Hexes                        6
   Trog disapproves of the use of such an item.
Miscellaneous
 L - a phantom mirror
Comestibles
 c - 53 rations


   Skills:
 + Level 18.2 Fighting
 + Level 20.6 Axes
 + Level 18.0 Armour
 + Level 8.0 Dodging
 + Level 6.2 Evocations


You had 15 spell levels left.
You didn't know any spells.

Dungeon Overview and Level Annotations

Branches:
Dungeon (15/15)            Temple (0/1) D:7            Lair (6/6) D:9
 Shoals (2/4) Lair:4       Spider (1/4) Lair:2        Slime (0/5) Lair:5
    Orc (2/2) D:9             Elf (0/3) Orc:2        Vaults (0/5) D:14
 Depths (0/5) D:15

Altars:
Ashenzari
Cheibriados
Dithmenos
Elyvilon
Gozag
Kikubaaqudgha
Makhleb
Okawaru
Qazlal
Ru
Sif Muna
Trog
Beogh

Shops:
D:8 =%[}=   D:10 }   Orc:2 (=[*

Annotations:
Lair:3 exclusion: oklob plant


Innate Abilities, Weirdness & Mutations

You reflexively headbutt those who attack you in melee.
You have a pair of horns on your head.
Your spells are a little easier to cast, but a little less powerful.


Message History

You climb upwards.
Welcome back to the Lair of Beasts!
You feel sick.
There is a hole to the Spider Nest here.
Unknown command.
Unknown command.
Unknown command.
Unknown command.
Unknown command.
Unknown command.
Unknown command.
Unknown command.
Unknown command.
Unknown command.
As you read the scroll of teleportation, it crumbles to dust.
You feel strangely unstable.
You feel sick. The wolf spider hits you.
* * * LOW HITPOINT WARNING * * *
The wolf spider bites you!
* * * LOW HITPOINT WARNING * * *
The entropy weaver hits you but does no damage. x2
The entropy weaver hits you!
You die...

##### ########## ####.#.###
######.#.##...# ######
.........###^.'.@.'..#...###.P##.
..........##..≈.sa≈.##..........'
..........###.≈≈≈≈≈.###...#..P##.
..........##....≈.#..##..########
..........#.#.......###.## #.
............###.#...#...# ##
###+##.##...#.^..#..#...#
#......##.......#..^.##### #
###.....##.#....##....##..# ##


You could see an entropy weaver and a wolf spider.

Vanquished Creatures
  Frances (Shoals:1)
  An orc warlord (Orc:2)
  A dire elephant (Lair:6)
  The ghost of skk the Carver, a journeyman TeFi of Okawaru (Lair:3)
  A minotaur (Lab)
  Fannar (D:10)
  A yaktaur captain (D:15)
  2 merfolk impalers
  8 vault guards (D:14)
  8 centaur warriors
  4 hydras (Lair:6)
  2 catoblepae (Lair:6)
  5 two-headed ogres
  A satyr (Shoals:2)
  2 merfolk avatars
  7 death yaks
  5 orc high priests
  The ghost of manyhoops the Protected, a novice GnWn of Hepliaklqana (D:8)
  6 sea snakes
  7 skeletal warriors
  An unseen horror (D:14)
  5 orc knights
  Pikel (D:7)
  A necromancer (Lair:5)
  7 harpies
  A lindwurm (Lair:6)
  An orb spider (shapeshifter) (D:15)
  A wolf spider zombie (D:15)
  4 wolf spiders
  An orb spider (Lair:2)
  6 orc sorcerers
  17 ugly things
  3 cyclopes
  An oklob plant (Lair:1)
  2 deep elf magi
  4 fauns (Shoals:2)
  4 merfolk sirens
  Maurice (D:9)
  10 manticores
  11 elephants
  A black mamba (Lair:5)
  A gargoyle (D:13)
  2 water nymphs (Shoals:2)
  6 spiny frogs
  3 rime drakes
  A kobold demonologist (D:13)
  2 komodo dragons
  A yaktaur (D:15)
  A demonic crawler (Spider:1)
  A queen bee (Lair:2)
  11 merfolk
  The ghost of resurtm the Magician, a novice DEFE (D:4)
  10 trolls
  2 jumping spiders (Spider:1)
  5 polar bears
  3 meliai (D:13)
  A hornet (D:9)
  20 blink frogs
  A wind drake (Shoals:1)
  4 slime creatures (D:10)
  3 snapping turtles
  21 hippogriffs
  13 dream sheep
  3 vampires
  3 tarantellas (Spider:1)
  A spriggan (D:8)
  7 water elementals
  A wraith (D:10)
  7 redbacks (Spider:1)
  3 shadows
  10 wyverns
  51 yaks
  7 basilisks
  2 hungry ghosts
  6 vampire mosquitoes
  3 wargs
  8 soldier ants
  An acid dragon (D:13)
  A hell hound (Lair:6)
  14 water moccasins
  9 porcupines
  5 ice beasts
  Duvessa (D:7)
  38 orc warriors
  5 sky beasts
  A phantom (D:5)
  2 slaves (D:7)
  An eye of draining (shapeshifter) (D:15)
  2 black bears
  10 ogres
  13 wolves (Lair:2)
  5 eyes of draining
  A necrophage (D:9)
  35 centaurs
  15 crocodiles
  5 big kobolds
  19 bullfrogs
  A wyvern zombie (D:12)
  A water moccasin zombie (D:12)
  Dowan (D:7)
  5 scorpions
  39 killer bees
  4 wights (D:13)
  5 howler monkeys
  8 crimson imps
  2 bullfrog zombies
  10 centaur zombies
  2 quasits
  3 jellies
  7 hounds
  26 orc priests
  20 orc wizards
  5 bullfrog skeletons
  4 centaur skeletons
  3 iguanas
  2 polar bear simulacra (Lair:5)
  18 worker ants
  3 yak simulacra (Lair:5)
  4 wolf simulacra (Lair:5)
  The ghost of tidbits the Caller, a weakling GnSu (D:3)
  A hound zombie (D:8)
  Robin (D:3)
  A howler monkey zombie (D:7)
  A worker ant zombie (D:9)
  A howler monkey skeleton (D:11)
  14 adders
  A shadow imp (D:12)
  A white imp (D:11)
  10 oozes
  4 adder skeletons
  3 worms
  2 dart slugs
  8 leopard geckos
  87 orcs
  6 giant cockroaches
  13 hobgoblins
  6 jackals
  2 quokkas
  5 bats
  7 frilled lizards
  31 goblins
  34 kobolds
  A leopard gecko skeleton (D:4)
  A leopard gecko zombie (D:5)
  A quokka zombie (D:5)
  13 rats
  2 river rat simulacra (Lair:5)
  6 fungi
  5 plants
998 creatures vanquished.

Vanquished Creatures (others)
  A merfolk aquamancer (Shoals:2)
  A slave (D:7)
  15 fungi
  27 plants
  7 toadstools (D:2)
51 creatures vanquished.

Grand Total: 1049 creatures vanquished

Notes
Turn   | Place    | Note
-------+----------+-------------------------------------------
     0 | D:1      | Mgcat the Minotaur Berserker began the quest for the Orb.
     0 | D:1      | Reached XP level 1. HP: 19/19 MP: 0/0
   111 | D:1      | Reached skill level 4 in Axes
   386 | D:1      | Reached XP level 2. HP: 26/26 MP: 1/1
   622 | D:1      | Reached skill level 5 in Axes
   696 | D:1      | Reached XP level 3. HP: 31/31 MP: 2/2
  1250 | D:2      | Reached ** piety under Trog
  1744 | D:2      | Reached skill level 6 in Axes
  1744 | D:2      | Reached XP level 4. HP: 39/39 MP: 3/3
  2533 | D:2      | Reached skill level 7 in Axes
  2533 | D:2      | Reached XP level 5. HP: 45/45 MP: 4/4
  2536 | D:2      | Reached *** piety under Trog
  2806 | D:2      | Found a deep blue altar of Sif Muna.
  3383 | D:3      | Noticed tidbits's ghost (weakling GnSu)
  3392 | D:3      | Killed tidbits's ghost
  3392 | D:3      | Reached skill level 8 in Axes
  3392 | D:3      | Reached XP level 6. HP: 51/51 MP: 5/5
  3456 | D:3      | Noticed Robin
  3464 | D:3      | Killed Robin
  3959 | D:4      | Reached skill level 9 in Axes
  3979 | D:4      | Noticed resurtm's ghost (novice DEFE)
  4022 | D:4      | Killed resurtm's ghost
  4022 | D:4      | Reached skill level 10 in Axes
  4022 | D:4      | Reached XP level 7. HP: 32/57 MP: 6/6
  4284 | D:4      | Found a shadowy altar of Dithmenos.
  4376 | D:3      | Reached **** piety under Trog
  4571 | D:4      | Reached skill level 11 in Axes
  5135 | D:4      | Reached XP level 8. HP: 64/64 MP: 7/7
  5407 | D:5      | Entered Level 5 of the Dungeon
  5746 | D:5      | Reached skill level 12 in Axes
  6145 | D:5      | Found an iron altar of Okawaru.
  7213 | D:6      | Reached skill level 5 in Fighting
  7221 | D:6      | Found an ancient bone altar of Kikubaaqudgha.
  7350 | D:6      | Reached XP level 9. HP: 58/74 MP: 8/8
  7563 | D:6      | Found a bloodstained altar of Trog.
  7571 | D:6      | Reached skill level 5 in Armour
  7709 | D:7      | Noticed Pikel
  7725 | D:7      | Reached skill level 13 in Axes
  7727 | D:7      | Killed Pikel
  7738 | D:7      | Reached ***** piety under Trog
  7853 | D:7      | Found a staircase to the Ecumenical Temple.
  7891 | D:7      | Noticed Duvessa
  7892 | D:7      | Noticed Dowan
  7902 | D:7      | Killed Duvessa
  7902 | D:7      | Killed Dowan
  8274 | D:7      | Noticed a two-headed ogre
  8281 | D:7      | Killed a two-headed ogre
  8281 | D:7      | Reached XP level 10. HP: 88/88 MP: 9/9
  8416 | D:7      | Found an opulent altar of Gozag.
  8563 | D:7      | Found a burning altar of Makhleb.
  8924 | D:8      | Found Nakkogg's Jewellery Shoppe.
  8924 | D:8      | Noticed manyhoops's ghost (novice GnWn)
  8927 | D:8      | Found Fyjeus's Food Shop.
  8927 | D:8      | Found a snail-covered altar of Cheibriados.
  9014 | D:8      | Killed manyhoops's ghost
  9014 | D:8      | Reached skill level 14 in Axes
  9204 | D:8      | Found Veckepi's Jewellery Emporium.
  9552 | D:8      | Found a white marble altar of Elyvilon.
  9568 | D:8      | Found Nucilall's Gadget Emporium.
  9752 | D:8      | Found a roughly hewn altar of Beogh.
  9835 | D:8      | Found Ceiparuf's Armour Emporium.
  9843 | D:8      | Bought a +1 pair of gloves of strength for 214 gold pieces
 10301 | D:9      | Found a white marble altar of Elyvilon.
 10376 | D:9      | Noticed Maurice
 10386 | D:9      | Killed Maurice
 10463 | D:9      | Reached skill level 10 in Fighting
 10490 | D:9      | Reached XP level 11. HP: 31/100 MP: 10/10
 10784 | D:9      | Found a staircase to the Lair.
 10816 | D:9      | Reached skill level 10 in Armour
 10909 | D:9      | Noticed a two-headed ogre
 10918 | D:9      | Killed a two-headed ogre
 10918 | D:9      | Reached skill level 15 in Axes
 11102 | D:9      | Found a sacrificial altar of Ru.
 11128 | D:9      | Found a stormy altar of Qazlal.
 11897 | D:9      | Found a staircase to the Orcish Mines.
 11910 | D:9      | Paralysed by a hornet for 1 turns
 11983 | D:9      | Found a roughly hewn altar of Beogh.
 11991 | D:9      | Received a gift from Trog
 12084 | D:10     | Entered Level 10 of the Dungeon
 12205 | D:10     | Noticed Fannar
 12215 | D:10     | Killed Fannar
 12926 | D:10     | Found Dom Ruerch's Gadget Emporium.
 13423 | D:11     | Reached skill level 16 in Axes
 13537 | D:11     | Reached XP level 12. HP: 112/112 MP: 3/11
 14134 | D:8      | Bought the ring of Henotheism {rElec rPois Str+2 Int-2 SInv} for 398 gold pieces
 14181 | Lair:1   | Entered Level 1 of the Lair of Beasts
 14441 | Lair:1   | Found a bloodstained altar of Trog.
 14502 | Lair:1   | Found a labyrinth entrance.
 14511 | Lab      | Entered a labyrinth
 14664 | Lab      | Noticed a minotaur
 14673 | Lab      | Killed a minotaur
 14681 | Lab      | Identified the Collected Works on Cloudy Transmutation
 14683 | Lab      | Got a crystal great sword
 14690 | Lair:1   | Identified the +10 great sword "Rirew" {slice, -Tele *Noise rF+ Dex+8} (You found it in a labyrinth)
 15622 | Lair:2   | Found a hole to the Spider Nest.
 16248 | Lair:2   | Received a gift from Trog
 16447 | Lair:2   | Reached skill level 17 in Axes
 17099 | Lair:3   | Noticed skk's ghost (journeyman TeFi)
 17110 | Lair:3   | Killed skk's ghost
 17180 | Lair:3   | Reached XP level 13. HP: 123/123 MP: 12/12
 17933 | Lair:4   | Found a staircase to the Shoals.
 18092 | Lair:4   | Found the +13 mace of Variability {chaos}
 18495 | Lair:5   | Found a staircase to the Slime Pits.
 18866 | Lair:5   | Received a gift from Trog
 19082 | Lair:5   | Reached skill level 18 in Axes
 19758 | Lair:6   | Entered Level 6 of the Lair of Beasts
 20137 | Lair:6   | Reached skill level 15 in Fighting
 20161 | Lair:6   | Reached skill level 15 in Armour
 20244 | Lair:6   | Reached XP level 14. HP: 127/135 MP: 4/13
 22139 | Orc:1    | Entered Level 1 of the Orcish Mines
 22245 | Orc:1    | Reached skill level 19 in Axes
 22245 | Orc:1    | Received a gift from Trog
 22401 | Orc:2    | Entered Level 2 of the Orcish Mines
 22426 | Orc:2    | Found a staircase to the Elven Halls.
 23465 | Orc:2    | Noticed an orc warlord
 23478 | Orc:2    | Killed an orc warlord
 23677 | Orc:2    | Found Netzat's General Store.
 23678 | Orc:2    | Found Yfus's Jewellery Boutique.
 23679 | Orc:2    | Found Koasiedi's Antique Armour Boutique.
 23679 | Orc:2    | Found Feluel's Antique Weapon Shop.
 23683 | Orc:2    | Bought a pair of slimy gloves for 180 gold pieces
 23693 | Orc:2    | Identified the +0 pair of gloves of Claustrophobia {rPois Str+3 Stlth+} (You bought it in a shop on level 2 of the Orcish Mines)
 23793 | Orc:2    | Found a roughly hewn altar of Beogh.
 24526 | Orc:1    | Gained mutation: Your spells are a little easier to cast, but a little less powerful. [a neqoxec]
 24533 | Orc:1    | Reached XP level 15. HP: 145/145 MP: 4/14
 24667 | Orc:2    | Bought the ring of the Ego {rPois rF+ rN+ Slay+2} for 781 gold pieces
 25073 | D:12     | Reached skill level 1 in Evocations
 25545 | D:13     | Received a gift from Trog
 25625 | D:13     | Found a flickering gateway to a bazaar.
 25640 | Bazaar   | Entered a bazaar
 25676 | Bazaar   | Found Baetiam's General Store.
 25695 | Bazaar   | Found Ypriv's General Store.
 25699 | Bazaar   | Found Yckibbih's Antique Armour Emporium.
 25714 | Bazaar   | Found Lusul's Weapon Emporium.
 25750 | Bazaar   | Bought an embroidered hat for 182 gold pieces
 25750 | Bazaar   | Bought a glowing scarf for 208 gold pieces
 26962 | D:14     | Found an iron altar of Okawaru.
 26970 | D:14     | Found a shattered altar of Ashenzari.
 27387 | D:14     | Reached skill level 5 in Dodging
 27564 | D:14     | Got a coiled bone ring
 27640 | D:14     | Identified the ring of Xom's Ringing Laughter {*Contam +Blink rN+ Str+3 SInv} (You found it on level 14 of the Dungeon)
 27682 | D:14     | Reached skill level 20 in Axes
 27777 | D:14     | Found a gate to the Vaults.
 28177 | D:15     | Entered Level 15 of the Dungeon
 28490 | D:15     | Received a gift from Trog
 28824 | D:15     | Reached XP level 16. HP: 133/155 MP: 6/18
 29260 | D:15     | Found a staircase to the Depths.
 29626 | Shoals:1 | Entered Level 1 of the Shoals
 30358 | Shoals:1 | Reached skill level 5 in Evocations
 30588 | Shoals:1 | Noticed Frances
 30598 | Shoals:1 | Killed Frances
 32499 | Shoals:2 | Received a gift from Trog
 32502 | Shoals:2 | Got a crystal battleaxe {god gift}
 32503 | Shoals:2 | Identified the +10 battleaxe of the Revolution {chop, rElec rPois rN+} (Trog gifted it to you on level 2 of the Shoals)
 33337 | Spider:1 | Entered Level 1 of the Spider Nest
 33386 | Lair:2   | Slain by an entropy weaver

Skill      XL: |  1  2  3  4  5  6  7  8  9 10 11 12 13 14 15 16 |
---------------+-------------------------------------------------+-----
Axes           | 4 5 6 7 8 10 11 12 13 14 16 17 18 19 20 | 20.6
Fighting       | 5 8 10 12 13 15 16 17 18 | 18.2
Armour         | 4 7 9 11 13 15 16 17 18 | 18.0
Evocations     | 4 6 |  6.2
Dodging        | 6 8 |  8.0

Action                   |  1- 3 |  4- 6 |  7- 9 | 10-12 | 13-15 | 16-18 || total
-------------------------+-------+-------+-------+-------+-------+-------++-------
Melee: Hand axe          |    75 |   176 |   315 |       |       |       ||   566
       Headbutt          |    11 |    26 |    71 |   173 |   265 |    66 ||   612
       War axe           |       |       |     9 |    87 |       |       ||    96
       Battleaxe         |       |       |       |   239 |   158 |    41 ||   438
       Broad axe         |       |       |       |   390 |       |       ||   390
       Executioner's axe |       |       |       |       |   770 |   234 ||  1004
       Flail             |       |       |       |       |    21 |       ||    21
 Fire: Hunting sling     |       |     5 |       |       |       |       ||     5
Invok: Berserk           |       |     6 |    10 |    21 |    25 |     4 ||    66
       Trog's Hand       |       |     4 |     4 |    10 |    32 |     8 ||    58
       Burn Spellbooks   |       |       |       |     3 |     4 |     1 ||     8
Evoke: Wand              |       |       |       |     2 |       |     2 ||     4
  Use: Scroll            |       |       |    11 |    10 |    18 |     5 ||    44
       Potion            |       |       |       |       |     1 |     5 ||     6
 Stab: Sleeping          |       |     1 |       |     2 |    18 |     2 ||    23
       Distracted        |       |       |       |     1 |       |     1 ||     2
  Eat: Chunk             |     3 |    12 |    21 |    70 |    73 |    20 ||   199
       Ration            |       |       |     1 |     3 |       |       ||     4
Armor: Animal skin       |    10 |    21 |     1 |       |       |       ||    32
       Scale mail        |       |       |    21 |       |       |       ||    21
       Chain mail        |       |       |    53 |       |       |       ||    53
       Plate armour      |       |       |    39 |   266 |       |       ||   305
       Shadow dragon sca |       |       |       |   130 |   562 |   183 ||   875
Dodge: Dodged            |    41 |    88 |    96 |   259 |   544 |   198 ||  1226
       Deflected         |       |       |       |       |    13 |    15 ||    28
